| TOP OF THE 1ST |
|
Syracuse Chiefs batting - Pitching for El Paso Chihuahuas : LHP Dae-Jung Cho
|
|
Pitching: LHP Dae-Jung Cho
|
|
|
Batting: RHB Dusty Ballard
|
0-0: Ball 1-0: Ball 2-0: Called Strike 2-1: Ball 3-1: Swinging Strike 3-2: Foul Ball, location: 2F 3-2: Foul Ball, location: 2F 3-2: Strikes out swinging
|
|
Batting: RHB Jim Miske
|
0-0: Ball 1-0: Ball 2-0: Ball 3-0: Called Strike 3-1: Base on Balls
|
|
Batting: LHB Alexis Cantu
|
0-0: Ball 1-0: Ball 2-0: Called Strike 2-1: Grounds into double play, 4-6-3 (Groundball, 34, EV 108.1 MPH)
|
| Top of the 1st over - 0 runs, 0 hits, 0 errors, 0 left on base; Syracuse 0 - El Paso 0 |
| BOTTOM OF THE 1ST |
|
El Paso Chihuahuas batting - Pitching for Syracuse Chiefs : RHP Bill Tulk
|
|
Pitching: RHP Bill Tulk
|
|
|
Batting: LHB Angel Mejia
|
0-0: Foul Ball, location: 2F 0-1: Ground out 4-3 (Groundball, 4, EV 94.4 MPH)
|
|
Batting: RHB Chase Briney
|
0-0: Called Strike 0-1: Called Strike 0-2: Ball 1-2: Ball 2-2: Fly out, F9 (Flyball, 89M, EV 88.1 MPH)
|
|
Batting: LHB Hugo MacBeth
|
0-0: Ball 1-0: Foul Ball, location: 2F 1-1: Ground out 5-3 (Groundball, 5L, EV 84.4 MPH)
|
| Bottom of the 1st over - 0 runs, 0 hits, 0 errors, 0 left on base; Syracuse 0 - El Paso 0 |
| TOP OF THE 2ND |
|
Syracuse Chiefs batting - Pitching for El Paso Chihuahuas : LHP Dae-Jung Cho
|
|
Batting: LHB Jae-ik Soung
|
0-0: Called Strike 0-1: Swinging Strike 0-2: Ball 1-2: Ball 2-2: Ground out 6-3 (Groundball, 6, EV 78.1 MPH)
|
|
Batting: LHB Dillon Gonzalez
|
0-0: Called Strike 0-1: Foul Ball, location: 2F 0-2: Ground out 4-3 (Groundball, 4, EV 99.4 MPH)
|
|
Batting: LHB Evan Oliveri
|
0-0: Fly out, F1 (Line Drive, P, EV 70.6 MPH)
|
| Top of the 2nd over - 0 runs, 0 hits, 0 errors, 0 left on base; Syracuse 0 - El Paso 0 |
| BOTTOM OF THE 2ND |
|
El Paso Chihuahuas batting - Pitching for Syracuse Chiefs : RHP Bill Tulk
|
|
Batting: RHB Roberto Lemus
|
0-0: Ball 1-0: Ball 2-0: Foul Ball, location: 2F 2-1: Foul Ball, location: 2F 2-2: Strikes out swinging
|
|
Batting: RHB Eric Sandell
|
0-0: Ball 1-0: Ball 2-0: Foul Ball, location: 2F 2-1: Foul Ball, location: 2F 2-2: Ground out 6-3 (Groundball, 6, EV 85.0 MPH)
|
|
Batting: LHB Anthony Mosley
|
0-0: Called Strike 0-1: SINGLE (Groundball, 34D, EV 94.4 MPH)
|
|
Batting: RHB Lamberto Amicis
|
0-0: Called Strike 0-1: Foul Ball, location: 2F 0-2: Ball 1-2: Strikes out swinging
|
| Bottom of the 2nd over - 0 runs, 1 hit, 0 errors, 1 left on base; Syracuse 0 - El Paso 0 |
| TOP OF THE 3RD |
|
Syracuse Chiefs batting - Pitching for El Paso Chihuahuas : LHP Dae-Jung Cho
|
|
Batting: LHB Doug Anderson
|
0-0: Ball 1-0: Ball 2-0: Fly out, F8 (Flyball, 8RD, EV 95.6 MPH)
|
|
Batting: LHB Tom Reynolds
|
0-0: Ground out 3-1 (Groundball, 34, EV 88.8 MPH)
|
|
Batting: RHB Gabe Almazan
|
0-0: Called Strike 0-1: Called Strike 0-2: Ball 1-2: Strikes out swinging
|
| Top of the 3rd over - 0 runs, 0 hits, 0 errors, 0 left on base; Syracuse 0 - El Paso 0 |
| BOTTOM OF THE 3RD |
|
El Paso Chihuahuas batting - Pitching for Syracuse Chiefs : RHP Bill Tulk
|
|
Batting: RHB Matt Fabre
|
0-0: Called Strike 0-1: Ground out 6-3 (Groundball, 6, EV 86.2 MPH)
|
|
Batting: RHB Ryan Tatum
|
0-0: Ball 1-0: Ball 2-0: Called Strike 2-1: Called Strike 2-2: Ball 3-2: SINGLE (Groundball, 56D, EV 105.0 MPH)
|
|
Batting: LHB Angel Mejia
|
0-0: Ball 1-0: Ball 2-0: Ball 3-0: Fly out, F8 (Flyball, 8RM, EV 87.5 MPH)
|
|
Batting: RHB Chase Briney
|
0-0: Ball 1-0: Ball 2-0: Foul Ball, location: 2F 2-1: Ball 3-1: Fly out, F9 (Line Drive, 89D, EV 95.6 MPH)
|
| Bottom of the 3rd over - 0 runs, 1 hit, 0 errors, 1 left on base; Syracuse 0 - El Paso 0 |
| TOP OF THE 4TH |
|
Syracuse Chiefs batting - Pitching for El Paso Chihuahuas : LHP Dae-Jung Cho
|
|
Batting: RHB Dusty Ballard
|
0-0: Ball 1-0: Ball 2-0: Bunt missed! 2-1: Swinging Strike 2-2: Foul Ball, location: 2F 2-2: Strikes out looking
|
|
Batting: RHB Jim Miske
|
0-0: Ball 1-0: Foul Ball, location: 2F 1-1: Called Strike 1-2: Strikes out looking
|
|
Batting: LHB Alexis Cantu
|
0-0: Ball 1-0: Ground out 3-1 (Groundball, 34, EV 104.4 MPH)
|
| Top of the 4th over - 0 runs, 0 hits, 0 errors, 0 left on base; Syracuse 0 - El Paso 0 |
| BOTTOM OF THE 4TH |
|
El Paso Chihuahuas batting - Pitching for Syracuse Chiefs : RHP Bill Tulk
|
|
Batting: LHB Hugo MacBeth
|
0-0: Ball 1-0: Ball 2-0: Called Strike 2-1: Foul Ball, location: 2F 2-2: Fly out, F7 (Flyball, 7S, EV 90.6 MPH)
|
|
Batting: RHB Roberto Lemus
|
0-0: Ground out 5-3 (Groundball, 56, EV 98.8 MPH)
|
|
Batting: RHB Eric Sandell
|
0-0: Ball 1-0: Ball 2-0: Fly out, F9 (Flyball, 89M, EV 96.9 MPH)
|
| Bottom of the 4th over - 0 runs, 0 hits, 0 errors, 0 left on base; Syracuse 0 - El Paso 0 |
| TOP OF THE 5TH |
|
Syracuse Chiefs batting - Pitching for El Paso Chihuahuas : LHP Dae-Jung Cho
|
|
Batting: LHB Jae-ik Soung
|
0-0: Ball 1-0: SINGLE (Flyball, 4MD, EV 85.6 MPH)
|
|
Batting: LHB Dillon Gonzalez
|
0-0: Ball 1-0: Fly out, F6 (Popup, 6D, EV 60.6 MPH)
|
|
Batting: LHB Evan Oliveri
|
0-0: Called Strike 0-1: Swinging Strike 0-2: Strikes out swinging
|
|
Batting: LHB Doug Anderson
|
0-0: Called Strike 0-1: Ball 1-1: Swinging Strike 1-2: Ball 2-2: Foul Ball, location: 2F 2-2: DOUBLE (Line Drive, 78D, EV 114.4 MPH) Jae-ik Soung to third Runner from 3rd tries for Home, SAFE, no throw by LF
|
|
Batting: LHB Tom Reynolds
|
0-0: Called Strike 0-1: Ball 1-1: Foul Ball, location: 2F 1-2: Fly out, F8 (Flyball, 8RD, EV 100.0 MPH)
|
| Top of the 5th over - 1 run, 2 hits, 0 errors, 1 left on base; Syracuse 1 - El Paso 0 |
| BOTTOM OF THE 5TH |
|
El Paso Chihuahuas batting - Pitching for Syracuse Chiefs : RHP Bill Tulk
|
|
Batting: LHB Anthony Mosley
|
0-0: Ball 1-0: Swinging Strike 1-1: Ball 2-1: Ground out 4-3 (Groundball, 4, EV 86.2 MPH)
|
|
Batting: RHB Lamberto Amicis
|
0-0: Called Strike 0-1: Called Strike 0-2: Foul Ball, location: 2F 0-2: SINGLE (Groundball, 6MD, EV 108.1 MPH)
|
|
Batting: RHB Matt Fabre
|
0-0: Ball 1-0: Ball 2-0: Called Strike 2-1: Foul Ball, location: 2F 2-2: Grounds into double play, 4-6-3 (Groundball, 34, EV 82.5 MPH)
|
| Bottom of the 5th over - 0 runs, 1 hit, 0 errors, 0 left on base; Syracuse 1 - El Paso 0 |
| TOP OF THE 6TH |
|
Syracuse Chiefs batting - Pitching for El Paso Chihuahuas : LHP Dae-Jung Cho
|
|
Batting: RHB Gabe Almazan
|
0-0: Foul Ball, location: 2F 0-1: Ball 1-1: Ground out 6-3 (Groundball, 6, EV 91.2 MPH)
|
|
Batting: RHB Dusty Ballard
|
0-0: Ball 1-0: Ground out 3-1 (Groundball, 34, EV 85.6 MPH)
|
|
Batting: RHB Jim Miske
|
0-0: Ball 1-0: Ball 2-0: Called Strike 2-1: Ball 3-1: Fly out, F8 (Flyball, 8LM, EV 92.5 MPH)
|
| Top of the 6th over - 0 runs, 0 hits, 0 errors, 0 left on base; Syracuse 1 - El Paso 0 |
| BOTTOM OF THE 6TH |
|
El Paso Chihuahuas batting - Pitching for Syracuse Chiefs : RHP Bill Tulk
|
|
Batting: RHB Ryan Tatum
|
0-0: Fly out, F9 (Flyball, 89D, EV 104.4 MPH)
|
|
Batting: LHB Angel Mejia
|
0-0: SINGLE (Groundball, 3D, EV 106.9 MPH)
|
|
Batting: RHB Chase Briney
|
0-0: Foul Ball, location: 2F 0-1: Grounds into double play, 6-4-3 (Groundball, 56, EV 85.6 MPH)
|
| Bottom of the 6th over - 0 runs, 1 hit, 0 errors, 0 left on base; Syracuse 1 - El Paso 0 |
| TOP OF THE 7TH |
|
Syracuse Chiefs batting - Pitching for El Paso Chihuahuas : LHP Dae-Jung Cho
|
|
Batting: LHB Alexis Cantu
|
0-0: Called Strike 0-1: Foul Ball, location: 2F 0-2: Ball 1-2: Ball 2-2: Foul Ball, location: 2F 2-2: Foul Ball, location: 2F 2-2: Ball 3-2: Foul Ball, location: 2F 3-2: Fly out, F7 (Flyball, 7, EV 80.6 MPH)
|
|
Batting: LHB Jae-ik Soung
|
0-0: Foul Ball, location: 2F 0-1: Ball 1-1: Ground out 4-3 (Groundball, 4M, EV 83.8 MPH)
|
|
Batting: LHB Dillon Gonzalez
|
0-0: Ball 1-0: Foul Ball, location: 2F 1-1: DOUBLE (Flyball, 8LXD, EV 98.1 MPH)
|
|
Pinch Runner at 2nd Kyung-jin Cho:
|
|
|
Batting: LHB Evan Oliveri
|
0-0: Foul Ball, location: 2F 0-1: Ball 1-1: Ground out U3 (Groundball, 3, EV 80.0 MPH)
|
| Top of the 7th over - 0 runs, 1 hit, 0 errors, 1 left on base; Syracuse 1 - El Paso 0 |
| BOTTOM OF THE 7TH |
|
El Paso Chihuahuas batting - Pitching for Syracuse Chiefs : RHP Bill Tulk
|
|
Now in LF: Kyung-jin Cho
|
|
|
Batting: LHB Hugo MacBeth
|
0-0: Foul Ball, location: 2F 0-1: Ball 1-1: Called Strike 1-2: Ball 2-2: Strikes out swinging
|
|
Batting: RHB Roberto Lemus
|
0-0: Ball 1-0: SINGLE (Line Drive, 9S, EV 100.0 MPH)
|
|
Batting: RHB Eric Sandell
|
0-0: Foul Ball, location: 2F 0-1: Ball 1-1: Called Strike 1-2: Strikes out looking
|
|
Batting: LHB Anthony Mosley
|
0-0: Called Strike 0-1: Swinging Strike 0-2: Strikes out looking
|
| Bottom of the 7th over - 0 runs, 1 hit, 0 errors, 1 left on base; Syracuse 1 - El Paso 0 |
| TOP OF THE 8TH |
|
Syracuse Chiefs batting - Pitching for El Paso Chihuahuas : LHP Dae-Jung Cho
|
|
Batting: LHB Doug Anderson
|
0-0: Foul Ball, location: 2F 0-1: Ball 1-1: SINGLE (Groundball, 56D, EV 89.4 MPH) (infield hit)
|
|
Batting: LHB Tom Reynolds
|
0-0: Called Strike Doug Anderson is caught stealing 2nd base 2-6 0-1: Ball 1-1: SINGLE (Line Drive, 6M, EV 94.4 MPH)
|
|
Batting: RHB Gabe Almazan
|
0-0: Ball 1-0: Ball 2-0: Ball 3-0: Called Strike 3-1: Foul Ball, location: 2F 3-2: Grounds into double play, 6-4-3 (Groundball, 6, EV 104.4 MPH)
|
| Top of the 8th over - 0 runs, 2 hits, 0 errors, 0 left on base; Syracuse 1 - El Paso 0 |
| BOTTOM OF THE 8TH |
|
El Paso Chihuahuas batting - Pitching for Syracuse Chiefs : RHP Bill Tulk
|
|
Batting: RHB Lamberto Amicis
|
0-0: Foul Ball, location: 2F 0-1: Swinging Strike 0-2: Foul Ball, location: 2F 0-2: Ball 1-2: Strikes out swinging
|
|
Pinch Hitting: SHB Blake Abbott
|
0-0: Foul Ball, location: 2F 0-1: Fly out, F3 (Line Drive, 3L, EV 71.9 MPH)
|
|
Batting: RHB Ryan Tatum
|
0-0: Foul Ball, location: 2F 0-1: Ball 1-1: Ball 2-1: Fly out, F9 (Flyball, 89M, EV 84.4 MPH)
|
| Bottom of the 8th over - 0 runs, 0 hits, 0 errors, 0 left on base; Syracuse 1 - El Paso 0 |
| TOP OF THE 9TH |
|
Syracuse Chiefs batting - Pitching for El Paso Chihuahuas : LHP Dae-Jung Cho
|
|
Pitching: RHP Carlos Sepulveda
|
|
|
Now at 2B: Blake Abbott
|
|
|
Batting: RHB Dusty Ballard
|
0-0: Ball 1-0: Ball 2-0: Called Strike 2-1: SINGLE (Line Drive, 4D, EV 95.0 MPH)
|
|
Batting: RHB Jim Miske
|
0-0: Bunt missed! 0-1: Ball 1-1: Sac Bunt to 15 - play at first, batter OUT! 1-3 Dusty Ballard to second
|
|
Batting: LHB Alexis Cantu
|
0-0: Ball 1-0: Called Strike 1-1: Foul Ball, location: 2F 1-2: Ball 2-2: Ball 3-2: SINGLE (Line Drive, 78S, EV 91.2 MPH) Dusty Ballard to third Runner from 3rd tries for Home, SAFE, throw by LF to home
|
|
Batting: LHB Jae-ik Soung
|
0-0: Ball 1-0: Ball 2-0: Swinging Strike 2-1: Swinging Strike 2-2: Foul Ball, location: 2F 2-2: Ball 3-2: Fielders Choice at 2nd, 3-6 (Groundball, 3, EV 80.6 MPH)
|
|
Batting: LHB Kyung-jin Cho
|
0-0: Called Strike 0-1: Ball 1-1: Called Strike 1-2: Foul Ball, location: 2F 1-2: Ball 2-2: Ball 3-2: Fly out, F7 (Flyball, 7, EV 88.8 MPH)
|
| Top of the 9th over - 1 run, 2 hits, 0 errors, 1 left on base; Syracuse 2 - El Paso 0 |
| BOTTOM OF THE 9TH |
|
El Paso Chihuahuas batting - Pitching for Syracuse Chiefs : RHP Bill Tulk
|
|
Pitching: LHP Kerry Baty
|
|
|
Batting: LHB Angel Mejia
|
0-0: Foul Ball, location: 2F 0-1: Ball 1-1: Ball 2-1: Foul Ball, location: 2F 2-2: Fly out, F7 (Flyball, 78M, EV 81.9 MPH)
|
|
Batting: RHB Chase Briney
|
0-0: Ball 1-0: Called Strike 1-1: SINGLE (Line Drive, 6M, EV 97.5 MPH)
|
|
Batting: LHB Hugo MacBeth
|
0-0: Ball 1-0: Called Strike 1-1: Foul Ball, location: 2F 1-2: Ball 2-2: Foul Ball, location: 2F 2-2: Grounds into double play, 6-4-3 (Groundball, 6, EV 88.1 MPH)
|
| Bottom of the 9th over - 0 runs, 1 hit, 0 errors, 0 left on base; Syracuse 2 - El Paso 0 |
|